 Dungeon Crawl Stone Soup version 0.28-b1-25-g9875b3fc8c (webtiles) character file.

Game seed: 16478404725809246957

905 Cykl0x the Conjurer (level 8, -12/46 HPs)
             Began as a Gargoyle Conjurer on Feb 2, 2022.
             Was a Follower of Zin.
             Mangled by an ogre (16 damage)
             ... on level 4 of the Dungeon.
             The game lasted 00:10:17 (5253 turns).

Cykl0x the Conjurer (Gargoyle Conjurer)             Turns: 5253, Time: 00:10:18

Health: -12/46     AC: 14    Str: 13    XL:     8   Next: 8%
Magic:  8/13       EV:  9    Int: 19    God:    Zin [*.....]
Gold:   79         SH:  0    Dex:  8    Spells: 6/14 levels left

rFire   . . .      SeeInvis .   j - +0 short sword (flame)
rCold   . . .      Faith    .   (no shield)
rNeg    + . .      Spirit   .   l - +1 scale mail
rPois   ∞          Reflect  .   (no helmet)
rElec   +          Harm     .   (no cloak)
rCorr   .          Rampage  .   (no gloves)
Will    .....                   r - +0 pair of boots
Stlth   ..........              (no amulet)
HPRegen 0.15/turn               (no ring)
MPRegen 0.13/turn               (no ring)

@: no status effects
A: sickness immunity, AC +5, negative energy resistance 1, electricity
resistance, torment resistance 1, petrification resistance
a: Renounce Religion, Recite, Donate Gold


You were on level 4 of the Dungeon.
You worshipped Zin.
Zin was aware of your devotion.
You visited 1 branch of the dungeon, and saw 6 of its levels.

You collected 87 gold pieces.
You donated 8 gold pieces to Zin.

Inventory:

Hand Weapons
 f - a +0 dagger
 j - a +0 short sword of flaming (weapon)
Armour
 l - a +1 scale mail (worn)
 o - an orb of light
 r - a +0 pair of boots (worn)
Scrolls
 m - 2 scrolls of vulnerability
 n - a scroll of magic mapping
Potions
 a - a potion of ambrosia {unknown}
 b - a potion of attraction
 c - a potion of invisibility {unknown}
 d - a potion of curing
 e - a potion of might {unknown}
 g - a potion of flight {unknown}
 h - 2 potions of brilliance {unknown}
 i - 2 potions of mutation {unknown}
 k - 2 potions of cancellation {unknown}
 p - a potion of degeneration {unknown}


   Skills:
 * Level 3.0 Fighting
 + Level 0.7(1.6) Short Blades
 * Level 2.2(2.3) Long Blades
 * Level 4.0 Armour
 + Level 2.0 Dodging
 - Level 2.1 Stealth
 + Level 3.6 Spellcasting
 + Level 5.7 Conjurations
 * Level 2.5 Hexes
 * Level 3.2 Invocations


You had 6 spell levels left.
You knew the following spells:

 Your Spells              Type           Power      Damage    Failure   Level
a - Magic Dart            Conj           100%       1d8       6%          1
b - Searing Ray           Conj           50%        2d6       9%          2
c - Fulminant Prism       Conj/Hex       9%         3d7       75%         4
d - Sting                 Tmut/Pois      12%        1d3       54%         1

Your spell library contained the following spells:

 Spells                   Type           Power      Damage    Failure   Level
 Dazzling Flash           Conj/Hex       38%        N/A       34%         3
 Ensorcelled Hibernation  Hex/Ice        16%        N/A       50%         2
 Tukima's Dance           Hex            13%        N/A       54%         3
 Poisonous Vapours        Pois/Air       6%         N/A       67%         2
 Spider Form              Tmut/Pois      3%         N/A       88%         3
 Iskenderun's Mystic Bla  Conj/Tloc      14%        2d5       88%         4
 Anguish                  Hex/Necr       4%         N/A       98%         4
 Olgreb's Toxic Radiance  Pois           3%         N/A       99%         4
 Passage of Golubria      Tloc           3%         N/A       99%         4
 Yara's Violent Unravell  Hex/Tmut       4%         3d4       100%        5


Dungeon Overview and Level Annotations

Branches:
Dungeon (6/15)
 Temple: D:4-7

Altars:
Zin


Innate Abilities, Weirdness & Mutations

You are immune to sickness and miasma.
Your stone body is resilient. (AC +5)
You are immune to poison.
You resist negative energy. (rN+)
You are resistant to electric shocks. (rElec)
You are resistant to unholy torment.
You are immune to petrification.


Message History

The centaur zombie hits you but does no damage.
The centaur zombie kicks you but does no damage.
The phantom barely misses you.
The ogre hits you with a +0 giant spiked club!
There is a stone staircase leading up here.
The centaur zombie hits you but does no damage.
The centaur zombie closely misses you. The phantom barely misses you.
You climb upwards.
There is a stone staircase leading down here.
The ogre hits you with a +0 giant spiked club!!
Ouch! That really hurt!
The phantom closely misses you.
Okay, then.
Casting: Searing Ray (safe; 9% risk of failure)
Confirm with . or Enter, or press ? or * to list all spells.
Aiming: Searing Ray (safe; 9% risk of failure)
Press: ? - help, Shift-Dir - straight line, f - phantom
Aim: a phantom (71% to hit)
The searing ray hits the ogre.
The ogre is lightly wounded.
The searing ray hits the phantom.
The phantom is lightly damaged. (Press . to maintain the ray.)
The ogre misses you.
The searing ray hits the ogre.
The ogre is moderately wounded.
The searing ray hits the phantom.
The phantom is moderately damaged.
The ogre hits you with a +0 giant spiked club!
* * * LOW HITPOINT WARNING * * *
The searing ray hits the ogre!
The ogre is severely wounded.
The searing ray hits the phantom.
The phantom is heavily damaged.
The searing ray hits the ogre!
The ogre is almost dead.
The searing ray misses the phantom.
You finish channelling your searing ray.
The ogre hits you with a +0 giant spiked club!
You die...

...#...#...#...# #..
...##..#...#'.## ##..
....###.....#####
#...
................##
##...
.........8.......#
#.#..
.................#
##....
....###.....####W#
#.##..
...##..#...#..##O#
##.###.
.###...#.).#...#@#
##.## ##
####>.##...##.<#.###
#..##
...####.....####...##
##...###
.....########.......#
#......# ######
##....### ###....#
###### ######


You could see a phantom and an ogre.

Vanquished Creatures
  Sigmund (D:4)
  A water moccasin (D:5)
  An ogre (D:5)
  A bullfrog (D:6)
  A scorpion (D:4)
  2 water moccasin skeletons (D:5)
  A howler monkey (D:5)
  A bullfrog skeleton (D:5)
  A jelly (D:4)
  Natasha (thrice) (D:3)
  A howler monkey zombie (D:5)
  5 adders
  2 ufetubi
  An adder skeleton (D:4)
  A dart slug (D:2)
  7 orcs
  2 ball pythons
  3 bats
  2 endoplasms
  5 giant cockroaches
  7 goblins
  7 hobgoblins
  4 kobolds
  2 quokkas
  8 rats
70 creatures vanquished.

Vanquished Creatures (others)
  An orc wizard (D:5)
1 creature vanquished.

Grand Total: 71 creatures vanquished

Notes
Turn   | Place    | Note
-------+----------+-------------------------------------------
     0 | D:1      | Cykl0x the Gargoyle Conjurer began the quest for the Orb.
     0 | D:1      | Reached XP level 1. HP: 10/10 MP: 3/3
   254 | D:1      | Reached XP level 2. HP: 15/15 MP: 1/5
   258 | D:1      | Learned a level 2 spell: Searing Ray
   993 | D:2      | Found a glowing silver altar of Zin.
   999 | D:2      | Became a worshipper of Zin the Law-Giver
  1029 | D:2      | Found a faded altar of an unknown god.
  1165 | D:2      | Reached XP level 3. HP: 20/20 MP: 2/6
  1315 | D:2      | Reached skill level 1 in Hexes
  1803 | D:3      | Reached skill level 1 in Fighting
  2122 | D:3      | You fall into a shaft and drop 1 floor!
  2205 | D:4      | Reached XP level 4. HP: 25/25 MP: 2/7
  2210 | D:4      | Learned a level 4 spell: Fulminant Prism
  2392 | D:3      | Reached skill level 5 in Conjurations
  2495 | D:3      | Reached skill level 1 in Armour
  2588 | D:3      | Noticed Natasha
  2591 | D:3      | Killed Natasha
  2592 | D:3      | Reached skill level 1 in Long Blades
  2592 | D:3      | Reached skill level 1 in Invocations
  2592 | D:3      | Reached XP level 5. HP: 29/29 MP: 4/9
  2735 | D:3      | Noticed Natasha
  2739 | D:3      | Killed Natasha
  2827 | D:3      | Noticed Natasha
  2833 | D:3      | Killed Natasha
  2896 | D:3      | Learned a level 1 spell: Sting
  3337 | D:4      | Noticed Sigmund
  3544 | D:4      | Killed Sigmund
  3545 | D:4      | Reached XP level 6. HP: 35/35 MP: 0/10
  4009 | D:4      | Reached XP level 7. HP: 35/40 MP: 4/11
  4369 | D:5      | Entered Level 5 of the Dungeon
  4594 | D:5      | Reached * piety under Zin
  4771 | D:6      | Reached XP level 8. HP: 14/46 MP: 2/13
  5253 | D:4      | Mangled by an ogre

Illustrated notes

Levels and vault maps discovered:
D:1:      eino_arrival_water_cross, layout_rooms
D:2:      layout_basic, basic_altar, ebering_ecumenical_altar_mist,
          grunt_decor_clamped, minmay_worlds_worst_comb
D:3:      layout_rooms, serial_park_tiny_2, uniq_natasha
D:4:      layout_cave_pods, nicolae_zen_rock_garden, hangedman_decor_growths,
          grunt_ministairs_6, uniq_sigmund
D:5:      layout_cave_pools
D:6:      minmay_goblin_kobold_castle, layout_loops_ring, temple_statues,
          kennysheep_another_room

Skill      XL: |  1  2  3  4  5  6  7 |
---------------+----------------------+-----
Hexes          | 1 2 |  2.5
Fighting       | 1 2 3 |  3.0
Conjurations   | 5 |  5.7
Armour         | 1 2 4 |  4.0
Long Blades    | 1 2 |  2.2
Invocations    | 1 2 3 |  3.2
Spellcasting   | 3 |  3.6
Dodging        | 2 |  2.0
Short Blades   | |  0.7
Stealth        | |  2.1

Action                   |  1- 3 |  4- 6 |  7- 9 || total
-------------------------+-------+-------+-------++-------
Melee: Unarmed           |    10 |       |       ||    10
       Dagger            |     5 |       |       ||     5
       Short sword       |     6 |    14 |    52 ||    72
 Cast: Magic Dart        |    38 |    33 |    20 ||    91
       Searing Ray       |     9 |    10 |     9 ||    28
  Use: Scroll            |     4 |     5 |       ||     9
       Potion            |       |     2 |     1 ||     3
Armor: Robe              |    10 |       |       ||    10
       Scale mail        |     1 |    14 |    64 ||    79
Dodge: Dodged            |    22 |    11 |    42 ||    75
